AoeStats
← demultiplexor

Coastal Forest

510803452Analyzed
3v3 RM · 4h ago on Oct 2, 2026· 61m 39s· 6 players
Game mode
Random Map
Map size
Normal (6 player)
Population
200
Speed
Normal
Resources
Standard
Victory
Conquest
Starting age
Dark Age
Ending age
Imperial Age
RankedLock teamsTeams togetherTeam positionsShared explorationLock speedFull tech treeHidden civsTurbo modeCheats
Victory
Defeat
🇺🇸 Varangians · United States
891
+11
🇪🇸 Danes · Spain
809
+15
🇨🇦 Britons · Canada
686
+19
🇨🇿 Wei · Czechia
781
-15
🇨🇿 Romans · Czechia
780
-15
🇨🇿 Bohemians · Czechia
775
-15
a12dani124081
12:33 Feudal Age
13:16 Double-Bit Axe
14:21 Loom
16:32 Fishing Lines
20:54 Castle Age
18:47 Horse Collar
19:02 Stone Mining
19:29 Gold Mining
22:31 Forging
22:22 Scale Mail Armor
22:39 Bow Saw
22:35 Heavy Plow
23:14 Stone Shaft Mining
23:22 Gold Shaft Mining
22:39 Gillnets
24:22 Iron Casting
24:36 Wheelbarrow
26:57 Chain Mail Armor
26:31 Arson
26:48 Gambesons
27:04 Squires
30:58 Hand Cart
30:31 Town Watch
35:13 Hamask
36:19 Masonry
36:05 Murder Holes
39:27 Town Patrol
39:53 Ballistics
43:55 Imperial Age
41:55 Caravan
43:14 Clinker Construction
45:10 Plate Mail Armor
45:41 Blast Furnace
44:34 Elite Varangian Guard
45:47 Conscription
45:35 Elite Jomsviking
56:29 Scale Barding Armor
55:48 Pikeman
55:50 Man-at-Arms
56:44 Bloodlines
56:35 Husbandry
57:38 Chemistry
56:44 Siege Engineers
Gut Check
15:41 Feudal Age
13:57 Loom
16:10 Double-Bit Axe
16:13 Fishing Lines
18:23 Wheelbarrow
17:34 Town Watch
22:32 Castle Age
20:37 Gold Mining
20:39 Stone Mining
24:47 Stone Shaft Mining
24:31 Hand Cart
24:32 Forging
24:27 Scale Barding Armor
26:22 Gillnets
27:56 Iron Casting
31:29 Imperial Age
29:56 Chain Barding Armor
32:33 Conscription
32:15 Elite Jarl
34:42 Blast Furnace
33:37 Horse Collar
34:50 Plate Barding Armor
35:21 Husbandry
35:34 Bloodlines
35:00 Light Cavalry
35:57 Caravan
36:30 Town Patrol
37:14 Hussar
41:53 Chemistry
41:13 Bow Saw
42:31 Elite Longship
43:25 Siege Engineers
43:12 Fletching
46:42 Ballistics
46:03 Treadmill Crane
46:33 Masonry
46:19 Murder Holes
46:36 Fortified Wall
46:48 Shipwright
46:40 Clinker Construction
46:42 Careening
46:29 Guard Tower
46:41 Bodkin Arrow
55:25 Two-Man Saw
thomasvienneau360
12:13 Feudal Age
12:54 Double-Bit Axe
21:24 Loom
29:10 Man-at-Arms
31:56 Wheelbarrow
33:22 Castle Age
31:38 Fletching
31:48 Padded Archer Armor
32:01 Forging
31:51 Scale Mail Armor
32:35 Gold Mining
32:38 Stone Mining
33:57 Horse Collar
35:46 Pikeman
40:32 Bow Saw
40:34 Scale Mail Armor
40:31 Bodkin Arrow
42:04 Squires
41:54 Elite Skirmisher
41:56 Crossbowman
43:01 Hand Cart
43:46 Leather Archer Armor
45:03 Ballistics
44:56 Fortified Wall
46:05 Chain Mail Armor
46:45 Yeomen
46:15 Town Watch
51:34 Iron Casting
61:29 Imperial Age
59:09 Scale Barding Armor
demultiplexor
3:03 Loom
12:39 Feudal Age
15:05 Double-Bit Axe
15:12 Horse Collar
18:41 Wheelbarrow
22:23 Castle Age
22:30 Castle Age
22:54 Fishing Lines
26:29 Fervor
27:25 Bow Saw
27:19 Heavy Plow
27:52 Gillnets
34:24 Imperial Age
33:28 Ballistics
34:21 Chemistry
34:57 Hand Cart
35:34 Elite Cannon Galleon
36:43 Conscription
36:29 Wagenburg Tactics
36:55 Murder Holes
37:11 Fortified Wall
39:19 Two-Man Saw
41:12 Squires
40:32 Pikeman
42:33 Elite Hussite Wagon
42:46 Halberdier
46:13 Caravan
46:24 Guilds
46:44 Coinage
47:50 Scale Mail Armor
48:00 Forging
47:41 Fletching
47:51 Padded Archer Armor
47:17 Houfnice
TomasJ
12:11 Feudal Age
11:41 Loom
12:57 Horse Collar
13:04 Double-Bit Axe
15:56 Town Watch
18:37 Bloodlines
19:15 Wheelbarrow
21:49 Forging
21:45 Scale Barding Armor
23:44 Castle Age
24:32 Husbandry
32:04 Bow Saw
41:53 Imperial Age
40:02 Iron Casting
39:48 Chain Barding Armor
44:14 Cavalier
44:46 Capped Ram
46:42 Heavy Plow
59:40 Man-at-Arms
lukasus
5:51 Loom
11:04 Feudal Age
12:00 Horse Collar
12:08 Double-Bit Axe
13:10 Wheelbarrow
19:45 Gold Mining
19:46 Stone Mining
24:15 Castle Age
26:07 Bow Saw
26:01 Heavy Plow
26:41 Stone Shaft Mining
26:45 Gold Shaft Mining
26:19 Fletching
26:32 Scale Mail Armor
26:43 Forging
26:35 Padded Archer Armor
27:38 Husbandry
27:49 Bloodlines
29:01 Hand Cart
28:32 Town Watch
28:36 Pikeman
29:17 Squires
28:51 Elite Skirmisher
32:53 Tuntian
34:13 Light Cavalry
36:04 Scale Barding Armor
36:15 Chain Mail Armor
36:35 Iron Casting
36:17 Leather Archer Armor
35:57 Bodkin Arrow
36:52 Ballistics
36:13 Treadmill Crane
36:48 Masonry
36:40 Murder Holes
41:55 Imperial Age
39:54 Chain Barding Armor
43:16 Ming Guang Armor
43:16 Conscription
42:18 Elite Tiger Cavalry
43:57 Town Patrol
44:07 Thumb Ring
43:27 Halberdier
45:42 Chemistry
44:53 Fortified Wall
45:21 Crop Rotation
46:01 Blast Furnace
45:02 Bracer
45:33 Ring Archer Armor
45:47 Hoardings
45:51 Heavy Hei Guang Cavalry
47:26 Caravan
52:09 Hussar
54:08 Parthian Tactics
Connection lost

Rejoining the realm…

Still unreachable

The connection could not be restored.

Session expired

The server has moved on; the page needs a fresh start.